 Dungeon Crawl Stone Soup version 0.28.0 (webtiles) character file.

Game seed: 1077790393721444929

11 Crownlay the Insei (level 2, 0/18 HPs)
             Began as an Octopode Transmuter on Feb 9, 2022.
             Slain by a gnoll (5 damage)
             ... on level 1 of the Dungeon.
             The game lasted 00:01:05 (545 turns).

Crownlay the Insei (Octopode Transmuter)             Turns: 545, Time: 00:01:06

Health: 0/18       AC:  1    Str:  9    XL:     2   Next: 25%
Magic:  4/5        EV: 13    Int: 15    God:
Gold:   0          SH:  0    Dex: 12    Spells: 4/5 levels left

rFire   . . .      SeeInvis .     - Unarmed
rCold   . . .      Faith    .   (no shield)
rNeg    . . .      Spirit   .   (helmet currently unavailable)
rPois   .          Reflect  .   (no amulet)
rElec   .          Harm     .   (no ring)
rCorr   .          Rampage  .   (no ring)
Will    .....                   (no ring)
Stlth   +++.......              (no ring)
HPRegen 0.06/turn               (no ring)
MPRegen 0.09/turn               (no ring)
                                (no ring)
                                (no ring)

@: appendages
A: tentacle spike 3, almost no armour, amphibious, 8 rings, camouflage 1,
gelatinous body 1, (nimble swimmer 1), tentacles
a: End Transformation


You were on level 1 of the Dungeon.
One of your tentacles had grown a beastly spike.
You visited 1 branch of the dungeon, and saw 1 of its levels.

Inventory:

Scrolls
 a - a scroll of enchant armour {unknown}
 b - a scroll of teleportation {unknown}


   Skills:
 + Level 1.3 Fighting
 - Level 2.0 Dodging
 * Level 1.8 Stealth
 - Level 3.0 Unarmed Combat
 * Level 2.0 Spellcasting
 + Level 2.2 Transmutations


You had 4 spell levels left.
You knew the following spells:

 Your Spells              Type           Power      Damage    Failure   Level
a - Beastly Appendage     Tmut           16%        N/A       9%          1

Your spell library contained the following spells:

 Spells                   Type           Power      Damage    Failure   Level
 Wereblood                Tmut           8%         N/A       14%         2
 Spider Form              Tmut/Pois      4%         N/A       38%         3
 Ice Form                 Ice/Tmut       4%         N/A       80%         4


Dungeon Overview and Level Annotations

Branches:
Dungeon (1/15)

Altars:


Innate Abilities, Weirdness & Mutations

One of your tentacles has grown a beastly spike.
You cannot wear most types of armour.
You are amphibious.
You can wear up to eight rings at the same time.
Your skin changes colour to match your surroundings (Stealth+).
Your rubbery body absorbs attacks. (AC +1, EV +1)
((You are camouflaged when in or above water. (Stealth+)))
You have tentacles for arms and can constrict up to eight enemies at once.


Message History

A goblin comes into view. It is wielding a +0 club.
The goblin shouts!
A goblin is nearby!
One of your tentacles grows a vicious spike.
You barely miss the goblin. Your grab misses the goblin.
You closely miss the goblin. You grab the goblin.
You pierce the goblin.
The goblin is heavily wounded.
You constrict the goblin. The goblin closely misses you.
You tentacle-slap the goblin.
You kill the goblin!
No target in view!
You see here a +0 club.
Your transformation is almost over.
Your tentacle spike disappears.
Found 4 stones.
You see here 4 stones.
Found a stone staircase leading down.
No target in view!
A gnoll comes into view. It is wielding a +0 whip.
Found 4 gold pieces.
The gnoll shouts!
There is a stone staircase leading down here.
One of your tentacles grows a vicious spike.
The gnoll hits you with a +0 whip.
A giant cockroach comes into view.
You tentacle-slap the gnoll. Your grab misses the gnoll.
The gnoll is moderately wounded.
The gnoll hits you with a +0 whip!
Ouch! That really hurt!
* * * LOW HITPOINT WARNING * * *
You are too injured to fight recklessly!
You are too injured to fight recklessly!
You tentacle-slap the gnoll but do no damage.
Your grab misses the gnoll. Your squeeze misses the gnoll.
The gnoll is moderately wounded.
The gnoll closely misses you.
You barely miss the gnoll. Your grab misses the gnoll.
You pierce the gnoll.
The gnoll is heavily wounded.
The gnoll hits you with a +0 whip.
You die...

#.###.######## .. .#.#
#......... .#
##.#.###.#######. ..
...#.....# #. .
..####.### ###. #. #.#
#.# #... #.##.# #.# #.#.
#g#.# #.# #.#. #. ##@.#
#.# #.## #..#.#.## #.#
#... #.....>.#
#.########## #.......#
#.......# ## #$.#.###.#
####.##.###.
#...#.###.####..........
........................
#.........####....#.#...
.##.##### #...##.#...


You could see a gnoll.

Vanquished Creatures
  6 ball pythons (D:1)
  2 goblins (D:1)
  A hobgoblin (D:1)
  A frilled lizard (D:1)
10 creatures vanquished.

Notes
Turn   | Place    | Note
-------+----------+-------------------------------------------
     0 | D:1      | Crownlay the Octopode Transmuter began the quest for the
                  | Orb.
     0 | D:1      | Reached XP level 1. HP: 13/13 MP: 3/3
   106 | D:1      | Reached skill level 1 in Stealth
   358 | D:1      | Reached XP level 2. HP: 18/18 MP: 3/5
   545 | D:1      | Slain by a gnoll

Illustrated notes

Levels and vault maps discovered:
D:1:      dpeg_arrival_connections, layout_loops_corners

Skill      XL: |  1 |
---------------+----+-----
Stealth        | 1 |  1.8
Fighting       | |  1.3
Dodging        | |  2.0
Unarmed Combat | |  3.0
Spellcasting   | |  2.0
Transmutations | |  2.2

Action                   || total
-------------------------++-------
Melee: Unarmed           ||    19
       Kick              ||     8
       Constrict         ||     6
       Tentacles         ||     4
       Punch             ||     1
 Cast: Beastly Appendage ||     8
 Stab: Sleeping          ||     2
Armor: Skin              ||     2
Dodge: Dodged            ||    10
